 Dungeon Crawl Stone Soup version 0.31-a0-986-g5e6e4ef867 (webtiles) character file.

Game seed: 15112436075901741604

151379 strifetoe the Spry (level 18, -3/204 HPs)
             Began as a Djinni Earth Elementalist on Nov 12, 2023.
             Was a Priest of Ashenzari.
             Killed by divine providence
             ... invoked by a meliai
              (12 damage)
             ... on level 4 of the Spider Nest.
             The game lasted 01:49:47 (36465 turns).

strifetoe the Spry (Djinni Earth Elementalist)     Turns: 36465, Time: 01:49:48

Health: -3/204     AC: 29    Str: 13    XL:     18   Next: 18%
Gold:   2918       EV:  2    Int: 22    God:    Ashenzari [***...] SH:  7 Dex: 17

rFire   . . .        z - +8 whip "Snakebite" {venom, curare, rPois, Melee, Self} (curse)
rCold   . . .        O - +2 buckler
rNeg    . . .        v - melded +2 robe {rC+}
rPois   ∞            w - melded +1 helmet of the Cursed Sage {Bglg, Self} (curse)
rElec   +            u - melded scarf of Ashenzari's Secrets {repulsion, Fort, Self} (curse)
rCorr   .            C - melded +0 pair of gloves "Restrained Together" {Comp, Self} (curse)
SInv    +            (boots unavailable)
Will    +....        B - amulet of regeneration
Stlth   ++           h - ring "Suspicion of Ashenzari" {rElec Str+6, Elem, Cun} (curse)
HPRegen 1.34/turn    s - +4 ring of slaying
MPRegen 0.00/turn

%: clarity, infuse magic (-4 HP)
@: tree-form, death channelling
A: stationary, stasis, torment immunity, boosted hp, sickness immunity, (fire
resistance 2), (cold vulnerability 1), float, innate caster, HP casting, extra
vitality 1, inability to drink after injury 1
a: Renounce Religion, Curse Item, Shatter the Chains


You were on level 4 of the Spider Nest.
You worshipped Ashenzari.
Ashenzari was most pleased with you.
You were a tree.
You visited 4 branches of the dungeon, and saw 26 of its levels.

You collected 3218 gold pieces.
You spent 300 gold pieces at shops.

Inventory:

Hand Weapons
 z - the cursed +8 whip "Snakebite" (weapon) {venom, curare, rPois, Melee, Self}
   (You took it off Amaemon on level 8 of the Dungeon)

   rPois:     It protects you from poison It has a curse which improves the
   following skills: Melee Combat: Short Blades, Long Blades, Axes, Maces &
   Flails, Polearms, Staves and Unarmed Combat.
   Introspection: Fighting and Spellcasting.
 E - the +6 shortbow of Harmony {heavy, rElec Str+4}
   (You found it on level 2 of the Lair of Beasts)

   Str+4:     It affects your strength (+4).
   rElec:     It insulates you from electricity.
Missiles
 n - a throwing net
Armour
 a - +0 storm dragon scales
 u - the cursed scarf of Ashenzari's Secrets (melded) {repulsion, Fort, Self}
   (You found it on level 5 of the Dungeon)

   It has a curse which improves the following skills: Fortitude: Armour and
   Shields.
   Introspection: Fighting and Spellcasting.
 v - a +2 robe of cold resistance (melded)
 w - the cursed +1 helmet of the Cursed Sage (melded) {Bglg, Self}
   (You found it on level 2 of the Dungeon)

   It has a curse which improves the following skills: Beguiling: Conjurations,
   Hexes and Translocations.
   Introspection: Fighting and Spellcasting.
 C - the cursed +0 pair of gloves "Restrained Together" (melded) {Comp, Self}
   (You found it on level 8 of the Dungeon)

   It has a curse which improves the following skills: Companions: Summonings
   and Necromancy.
   Introspection: Fighting and Spellcasting.
 O - a +2 buckler (worn)
Jewellery
 h - the cursed ring "Suspicion of Ashenzari" (left branch) {rElec Str+6, Elem, Cun}
   (You found it on level 2 of the Lair of Beasts)

   [ring of strength]

   Str+6:     It affects your strength (+6).
   rElec:     It insulates you from electricity.
   It has a curse which improves the following skills: Elements: Fire Magic, Ice
   Magic, Air Magic and Earth Magic.
   Cunning:   Dodging and Stealth.
 s - a +4 ring of slaying (right branch)
 B - an amulet of regeneration (around neck)
 J - an amulet of the acrobat
 N - a ring of protection from cold
Wands
 b - a wand of digging (10)
 d - a wand of charming (7)
 i - a wand of acid (1)
 k - a wand of flame (68)
 x - a wand of polymorph (6)
Scrolls
 f - 4 scrolls of revelation
 q - a scroll of torment
 r - 3 scrolls of fog
 A - a scroll of butterflies
 H - 2 scrolls of enchant weapon
Potions
 c - 5 potions of brilliance
 e - a potion of cancellation
 g - a potion of lignification
 l - 6 potions of ambrosia
 m - 8 potions of mutation
 o - a potion of invisibility
 t - 2 potions of enlightenment
 D - 3 potions of might
Miscellaneous
 j - a phantom mirror (inert)
 G - a condenser vane


   Skills:
 + Level 13.1(14.5) Fighting
 - Level 3.4(4.8) Short Blades
 - Level 12.8(14.2) Maces & Flails
 - Level 9.0 Armour
 + Level 17.2(18.5) Dodging
 - Level 1.5(2.6) Stealth
 - Level 3.8 Shields
 - Level 12.4(13.8) Spellcasting
 - Level 12.4 Conjurations
 - Level 12.4 Hexes
 - Level 12.4 Summonings
 - Level 12.4 Necromancy
 - Level 12.4 Translocations
 - Level 12.4 Transmutations
 - Level 12.4(13.8) Fire Magic
 - Level 12.4(13.8) Ice Magic
 - Level 12.4(13.8) Air Magic
 - Level 12.4(13.8) Earth Magic
 - Level 12.4 Poison Magic


You knew the following spells:

 Your Spells              Type           Power      Damage    Failure   Level
a - Sandblast             Erth           100%       2d20      1%          1
b - Passwall              Tmut/Erth      54%        N/A       1%          2
c - Stone Arrow           Conj/Erth      100%       3d13      1%          3
d - Petrify               Tmut/Erth      65%        N/A       1%          4
e - Brom's Barrelling Bo  Conj/Erth      65%        2d8       1%          4
f - Necrotise             Necr           100%       1d9       1%          1
g - Static Discharge      Conj/Air       100%       3-8/arc   1%          2
h - Ignite Poison         Fire/Tmut/Pois 64%        N/A       1%          3
i - Anguish               Hex/Necr       31%        N/A       1%          4
j - Metabolic Englaciati  Hex/Ice        32%        N/A       1%          5
k - Agony                 Necr           63%        N/A       1%          5
l - Death Channel         Necr           31%        N/A       4%          6
m - Simulacrum            Ice/Necr       32%        N/A       3%          6
Your spell library was empty.

Dungeon Overview and Level Annotations

Branches:
Dungeon (15/15)            Temple (0/1) D:7            Lair (5/5) D:10
 Shoals (0/4) Lair:2       Spider (4/4) Lair:2        Slime (0/5) Lair:5
    Orc (2/2) D:9             Elf (0/3) Orc:2        Vaults (0/5) D:14
 Depths (0/4) D:15

Altars:
Ashenzari
Cheibriados
Fedhas
Gozag
Xom
Lugonu

Shops:
D:6 :   D:9 =   Orc:2 [:*(

Annotations:
D:10 3 runed translucent doors, particleface's ghost, journeyman FoAE
D:11 1 runed translucent door
Lair:5 2 runed translucent doors, timneilson's ghost, journeyman OpSh


Innate Abilities, Weirdness & Mutations

You are a tree.
Your roots penetrate the ground, keeping you stationary.
You cannot be teleported.
You are immune to unholy pain and torment.
Your maximum health is greatly increased.
Your equipment is partially melded.
You are immune to sickness and miasma.
You are immune to poison.
((Your flesh is very heat resistant. (rF++)))
((You are vulnerable to cold. (rC-)))
You float through the air rather than walking.
You learn spells naturally, not from books.
Your magical power is your life essence.
You have superior vitality. (+4 MHP)
You occasionally lose the ability to drink potions when taking damage.


Message History

The meliai mumbles some strange prayers to its god against you.
Something smites you!
The pharaoh ant is engulfed in freezing vapours.
A wolf spider comes into view.
You block the pharaoh ant's attack.
Unknown command.
The pharaoh ant attacks as it pursues you!
You block the pharaoh ant's attack.
A redback comes into view.
The meliai misses you. x2
The meliai calls down the wrath of its god upon you.
Something smites you!
The pharaoh ant attacks as it pursues you!
The pharaoh ant bites you!
The meliai mumbles some strange prayers to its god against you.
Something smites you!
* * * LOW HITPOINT WARNING * * *
The pharaoh ant attacks as it pursues you!
The pharaoh ant completely misses you. The pharaoh ant closely misses you.
The meliai attacks as it pursues you! You block the meliai's attack. x2
The broodmother summons a spider!
The pharaoh ant attacks as it pursues you!
The pharaoh ant bites you!!
* * * LOW HITPOINT WARNING * * *
The meliai misses you. You block the meliai's attack.
Unknown command.
Okay, then.
Okay, then.
Okay, then.
Okay, then.
You turn into a tree.
The cursed scarf of Ashenzari's Secrets {repulsion, Fort, Self} melds into your body.
The cursed +1 helmet of the Cursed Sage {Bglg, Self} melds into your body.
The cursed +0 pair of gloves "Restrained Together" {Comp, Self} melds into your body.
Your +2 robe of cold resistance melds into your body.
The haze of the repulsion field disappears.
You feel less resistant to cold.
Your roots penetrate the ground.
The meliai calls down the wrath of its god upon you.
Something smites you!
You die...

##.####...#^#..#^.^...^....#
..^...^#.#^.#.........###..#
..#.#...#..##^#.^.#..#..#..#
......#.#.^.....#...#......#
#..^.#..^#.....^###...#..^##
....####......##^<...##^.###
.#..# ##....#..#...#....^#.#
....# #...#..^.^..#...^#..^#
#.####.#.^..^#.#♣...##..#.^#
.^# ##....##..yB#.#..#....#
.^## #####.....y#...[..^..#
†..# #.....#s##..#...#.#
...# ##...s#.^....^..#.#
#### #ss....!##..##^.# ##
#.#s#.#.....# ### ^#
#.....#....#..^..# ##
#..$.....#.#..#.#..


You could see a broodmother, a wolf spider, a pharaoh ant, 2 tarantellas, a
redback and 2 meliai.

Vanquished Creatures
  Saint Roka (Orc:2)
  Rupert (D:14)
  A storm dragon (D:12)
  Kirke (Lair:3)
  A fire giant (D:12)
  4 emperor scorpions
  A frost giant (D:12)
  A broodmother (Spider:3)
  An ironbound thunderhulk (D:14)
  A stone giant (D:15)
  A spark wasp (Spider:1)
  Snorg (D:12)
  An ettin (Orc:1)
  2 entropy weavers (Spider:1)
  Josephine (Lair:5)
  2 vault guards (D:14)
  Fannar (Orc:1)
  Erolcha (Orc:1)
  An ogre mage (D:12)
  6 hydras
  Erica (Orc:1)
  4 centaur warriors
  5 boulder beetles
  2 catoblepae
  5 death yaks (Lair:5)
  4 demonic crawlers
  A tengu warrior (D:15)
  An orc high priest (Orc:2)
  Amaemon (D:8)
  A skyshark (Lair:2)
  Sonja (Orc:2)
  A skeletal warrior (D:12)
  A pharaoh ant (Spider:4)
  Lodul (D:14)
  An orb spider (Spider:4)
  A deep elf archer (D:12)
  2 spriggan simulacra (D:14)
  7 steelbarb worms
  7 orc knights
  A lindwurm (Lair:4)
  3 wolf spiders
  7 ugly things
  3 orc sorcerers
  6 cyclopes
  8 manticores
  A moth of wrath (Spider:1)
  2 torpor snails
  13 elephants
  9 cane toads
  6 black mambas
  An orange demon (D:8)
  Psyche (D:8)
  Maggie (Lair:1)
  3 rime drakes
  An efreet (D:15)
  A yaktaur (D:12)
  2 anaconda simulacra (D:14)
  6 kobold demonologists
  A tengu conjurer (D:15)
  A freezing wraith (D:14)
  6 komodo dragons
  4 trolls
  A queen bee (Lair:2)
  8 meliai
  A merfolk (Lair:2)
  5 polar bears (Lair:5)
  5 tarantellas
  15 dream sheep
  9 hornets
  A raiju (shapeshifter) (Spider:3)
  9 blink frogs
  8 slime creatures (D:14)
  9 jumping spiders
  2 culicivoras
  7 wraiths
  5 wyverns
  A dire elephant simulacrum (D:14)
  3 water elementals
  A human (D:14)
  14 spriggans
  64 yaks
  A human (shapeshifter) (D:13)
  A minotaur simulacrum (D:14)
  2 steam dragons
  18 redbacks
  7 basilisks
  6 vampire mosquitoes
  22 water moccasins
  An acid dragon (shapeshifter) (D:14)
  2 acid dragons
  2 sky beasts
  3 ice beasts
  4 black bears
  13 ogres
  30 orc warriors
  3 boggarts (Lair:5)
  9 centaurs
  24 wolves
  A phantom (D:5)
  26 kobold brigands
  10 bullfrogs
  Blork the orc (Orc:1)
  2 deep troll simulacra (D:14)
  12 wights
  68 killer bees
  5 electric eels
  6 howler monkeys
  4 hounds
  A jelly (D:7)
  23 orc priests
  A sleepcap (D:6)
  4 iguanas
  Ijyb (D:2)
  Natasha (twice) (D:2)
  21 orc wizards
  5 hell rats
  3 gnolls (D:6)
  A river rat (Lair:2)
  5 adders
  A white imp (D:6)
  4 ufetubi
  7 worms
  6 dart slugs
  60 orcs
  7 endoplasms
  4 giant cockroaches
  10 goblins
  6 hobgoblins
  4 quokkas
  6 ball pythons
  6 bats
  5 frilled lizards
  32 kobolds
  9 rats
849 creatures vanquished.

Vanquished Creatures (collateral kills)
  2 broodmothers (Spider:4)
  2 spark wasps (Spider:4)
  An entropy weaver (Spider:3)
  2 jorogumos (Spider:3)
  A boulder beetle (Spider:2)
  2 radroaches (Spider:4)
  A death yak (Lair:5)
  2 demonic crawlers (Spider:2)
  Nergalle (Orc:2)
  A pharaoh ant (Spider:3)
  A sun moth (Spider:2)
  3 orb spiders
  2 steelbarb worms
  5 wolf spiders
  2 elephants (Lair:4)
  An orc sorcerer (Orc:2)
  2 torpor snails
  A komodo dragon (Lair:5)
  A queen bee (Spider:4)
  A hornet (Lair:5)
  6 tarantellas
  2 dream sheep (Lair:5)
  11 culicivoras
  A spriggan (Lair:5)
  11 yaks (Lair:5)
  8 jumping spiders
  A wraith (D:13)
  20 redbacks
  A water moccasin (Lair:5)
  An orc warrior (Orc:2)
  A black bear (Lair:4)
  A boggart (Lair:5)
  An ogre (Orc:1)
  A killer bee (Spider:4)
  2 orc priests (Orc:1)
  An orc wizard (Orc:1)
  2 orcs
  11 boulders
116 creatures vanquished.

Vanquished Creatures (others)
  A dream sheep (Lair:3)
  4 humans (Lair:3)
  A water moccasin (Lair:3)
  A goblin (D:2)
  3 boulders
10 creatures vanquished.

Grand Total: 975 creatures vanquished

Notes
Turn   | Place    | Note
-------+----------+-------------------------------------------
     0 | D:1      | strifetoe the Djinni Earth Elementalist began the quest for
                  | the Orb.
     0 | D:1      | strifetoe set off with the following spells memorised:
                  | Sandblast, Passwall, Stone Arrow, Petrify, Brom's
                  | Barrelling Boulder.
     0 | D:1      | Reached XP level 1. HP: 15/15 MP: 0/0
   128 | D:1      | Reached XP level 2. HP: 19/21 MP: 0/0
   506 | D:1      | Reached XP level 3. HP: 24/25 MP: 0/0
   506 | D:1      | Learned a level 1 spell: Necrotise
  1105 | D:2      | Reached XP level 4. HP: 30/31 MP: 0/0
  1150 | D:2      | Noticed Natasha
  1155 | D:2      | Killed Natasha
  1286 | D:2      | Noticed Natasha
  1291 | D:2      | Killed Natasha
  1292 | D:2      | Reached XP level 5. HP: 34/35 MP: 0/0
  1292 | D:2      | Learned a level 2 spell: Static Discharge
  1353 | D:3      | Noticed Ijyb
  1376 | D:2      | Killed Ijyb
  1654 | D:3      | Found a large runed translucent door.
  1659 | D:3      | Found a large runed translucent door.
  1672 | D:3      | Found a broken altar of Ashenzari.
  1742 | D:3      | Became a worshipper of Ashenzari the Shackled
  2038 | D:3      | Found a faded altar of an unknown god.
  2240 | D:4      | Reached skill level 5 in Spellcasting
  2240 | D:4      | Reached skill level 5 in Conjurations
  2240 | D:4      | Reached skill level 5 in Hexes
  2240 | D:4      | Reached skill level 5 in Summonings
  2240 | D:4      | Reached skill level 5 in Necromancy
  2240 | D:4      | Reached skill level 5 in Translocations
  2240 | D:4      | Reached skill level 5 in Transmutations
  2240 | D:4      | Reached skill level 5 in Fire Magic
  2240 | D:4      | Reached skill level 5 in Ice Magic
  2240 | D:4      | Reached skill level 5 in Air Magic
  2240 | D:4      | Reached skill level 5 in Earth Magic
  2240 | D:4      | Reached skill level 5 in Poison Magic
  2309 | D:4      | Reached XP level 6. HP: 40/40 MP: 0/0
  2799 | D:5      | Entered Level 5 of the Dungeon
  2987 | D:5      | Noticed an ice beast
  2998 | D:5      | Killed an ice beast
  2999 | D:5      | Reached XP level 7. HP: 38/45 MP: 0/0
  2999 | D:5      | Learned a level 3 spell: Ignite Poison
  3138 | D:5      | Reached skill level 1 in Fighting
  3231 | D:5      | Reached skill level 3 in Dodging
  3314 | D:5      | Noticed a water moccasin
  3318 | D:5      | Killed a water moccasin
  3551 | D:5      | Reached skill level 4 in Dodging
  3551 | D:5      | Reached XP level 8. HP: 51/56 MP: 0/0
  4013 | D:6      | Reached skill level 5 in Dodging
  4507 | D:6      | Reached skill level 5 in Fighting
  4507 | D:6      | Reached skill level 6 in Dodging
  4583 | D:6      | Found Febiessa's Vocational Training.
  5162 | D:7      | Reached XP level 9. HP: 53/65 MP: 0/0
  5162 | D:7      | Learned a level 4 spell: Anguish
  5400 | D:7      | Found a staircase to the Ecumenical Temple.
  5895 | D:7      | Reached * piety under Ashenzari
  6551 | D:7      | Noticed a troll
  6555 | D:7      | Killed a troll
  7278 | D:8      | Reached XP level 10. HP: 55/72 MP: 0/0
  7438 | D:8      | Noticed Psyche
  7442 | D:8      | Killed Psyche
  7529 | D:8      | Noticed an orange demon
  7562 | D:8      | Killed an orange demon
  7738 | D:8      | Noticed Amaemon
  7767 | D:8      | Killed Amaemon
  7768 | D:8      | Reached skill level 10 in Spellcasting
  7768 | D:8      | Reached skill level 10 in Conjurations
  7768 | D:8      | Reached skill level 10 in Hexes
  7768 | D:8      | Reached skill level 10 in Summonings
  7768 | D:8      | Reached skill level 10 in Necromancy
  7768 | D:8      | Reached skill level 10 in Translocations
  7768 | D:8      | Reached skill level 10 in Transmutations
  7768 | D:8      | Reached skill level 10 in Fire Magic
  7768 | D:8      | Reached skill level 10 in Ice Magic
  7768 | D:8      | Reached skill level 10 in Air Magic
  7768 | D:8      | Reached skill level 10 in Earth Magic
  7768 | D:8      | Reached skill level 10 in Poison Magic
  7927 | D:8      | Reached ** piety under Ashenzari
  7964 | D:8      | Reached skill level 1 in Armour
  7972 | D:8      | Reached skill level 1 in Maces & Flails
  8752 | D:9      | Reached skill level 7 in Dodging
  8754 | D:9      | Reached XP level 11. HP: 53/79 MP: 0/0
  8754 | D:9      | Learned a level 5 spell: Metabolic Englaciation
  9255 | D:9      | Found a staircase to the Orcish Mines.
  9320 | D:9      | Reached skill level 5 in Armour
  9566 | D:9      | Found Piygoip's Jewellery Boutique.
  9828 | D:10     | Entered Level 10 of the Dungeon
 10288 | D:10     | Reached skill level 5 in Maces & Flails
 10314 | D:10     | Noticed a sixfirhy
 10316 | D:10     | HP: 1/79 [sixfirhy[a kobold demonologist] (9)]
 10636 | D:10     | Found a staircase to the Lair.
 11199 | D:10     | Found a runed translucent gate.
 11199 | D:10     | Found a runed translucent gate.
 11214 | D:10     | Found a runed translucent gate.
 11214 | D:10     | Noticed particleface's ghost (journeyman FoAE)
 11350 | D:11     | You are sucked into a shaft and drop 3 floors!
 11350 | D:12     | Identified the "Zalutup"
 11358 | D:14     | Noticed a centaur warrior
 11434 | D:13     | Noticed Lodul
 11616 | D:14     | Reached XP level 12. HP: 34/85 MP: 0/0
 11845 | D:14     | Killed Lodul
 12313 | D:14     | Noticed a centaur warrior
 12321 | D:14     | Killed a centaur warrior
 12903 | D:13     | Noticed a centaur warrior
 12914 | D:13     | Killed a centaur warrior
 12971 | D:13     | Noticed a boulder beetle
 12983 | D:13     | Killed a boulder beetle
 13171 | D:13     | Found an opulent altar of Gozag.
 13851 | D:11     | Reached skill level 8 in Dodging
 14020 | D:11     | Found a runed translucent door.
 14023 | D:11     | Noticed a balrug
 14735 | Lair:1   | Entered Level 1 of the Lair of Beasts
 14744 | Lair:1   | Reached XP level 13. HP: 55/87 MP: 0/0
 14744 | Lair:1   | Learned a level 5 spell: Agony
 15401 | Lair:1   | Noticed Maggie
 15406 | Lair:1   | Killed Maggie
 15524 | Lair:1   | Reached skill level 9 in Dodging
 15665 | Lair:1   | Identified the +4 plate armour "Qusan" {Str+7 Int-4}
 16389 | Lair:2   | Found a blossoming altar of Fedhas.
 16728 | Lair:2   | Found a hole to the Spider Nest.
 17131 | Lair:2   | Identified the +6 shortbow of Harmony {heavy, rElec Str+4}
 17497 | Lair:2   | Reached skill level 10 in Dodging
 17747 | Lair:2   | Reached *** piety under Ashenzari
 17834 | Lair:2   | Identified the cursed scarf of Ashenzari's Secrets
                  | {repulsion, Fort, Self} (You found it on level 5 of the
                  | Dungeon)
 17834 | Lair:2   | Identified the cursed +1 helmet of the Cursed Sage {Bglg,
                  | Self} (You found it on level 2 of the Dungeon)
 17834 | Lair:2   | Identified the cursed +0 pair of gloves "Restrained
                  | Together" {Comp, Self} (You found it on level 8 of the
                  | Dungeon)
 18862 | Lair:2   | Identified the ring of Yvagykk {rElec Str+6}
 19237 | Lair:2   | Found a staircase to the Shoals.
 19468 | Lair:2   | Reached XP level 14. HP: 94/99 MP: 0/0
 19540 | Lair:2   | Reached skill level 11 in Dodging
 19998 | Lair:2   | Reached skill level 10 in Maces & Flails
 20336 | Lair:3   | Noticed Kirke
 20345 | Lair:3   | Killed Kirke
 21695 | Lair:4   | Reached skill level 12 in Dodging
 22122 | Lair:4   | Found a shimmering altar of Xom.
 22491 | Lair:5   | Identified the "Keram"
 22491 | Lair:5   | Entered Level 5 of the Lair of Beasts
 22495 | Lair:5   | Noticed Josephine
 22514 | Lair:5   | Killed Josephine
 22883 | Lair:5   | Found a large runed translucent door.
 22883 | Lair:5   | Found a large runed translucent door.
 22883 | Lair:5   | Noticed timneilson's ghost (journeyman OpSh)
 23242 | Lair:5   | Reached XP level 15. HP: 91/105 MP: 0/0
 23242 | Lair:5   | Learned a level 6 spell: Death Channel
 23377 | Lair:5   | Reached skill level 13 in Dodging
 23624 | Lair:5   | Reached skill level 1 in Shields
 23652 | Lair:4   | Reached skill level 1 in Short Blades
 23986 | Lair:5   | Found a staircase to the Slime Pits.
 24953 | Orc:1    | Entered Level 1 of the Orcish Mines
 25266 | Orc:1    | Found Kuosakh's Antique Weapon Boutique.
 25865 | Orc:1    | Noticed Fannar
 25882 | Orc:1    | Killed Fannar
 25882 | Orc:1    | Noticed Erica
 25889 | Orc:1    | Killed Erica
 26072 | Orc:2    | Entered Level 2 of the Orcish Mines
 26233 | Orc:2    | Noticed Blork the orc
 26268 | Orc:1    | Killed Blork the orc
 26305 | Orc:2    | Noticed Sonja
 26306 | Orc:2    | Reached XP level 16. HP: 89/118 MP: 0/0
 26310 | Orc:2    | Noticed Nergalle
 26312 | Orc:2    | Noticed Saint Roka
 26320 | Orc:2    | Killed Nergalle
 26506 | Orc:2    | Killed Sonja
 26557 | Orc:2    | Found a staircase to the Elven Halls.
 26755 | Orc:2    | Gained mutation: You occasionally lose the ability to drink
                  | potions when taking damage. [a neqoxec]
 26813 | Orc:1    | Noticed Erolcha
 26818 | Orc:1    | Killed Erolcha
 26911 | Orc:2    | Paralysed by an orc sorcerer for 2 turns
 27486 | Orc:2    | Killed Saint Roka
 27546 | Orc:2    | Reached skill level 14 in Dodging
 27546 | Orc:2    | Found Dahuadon's Antique Armour Shoppe.
 27656 | Orc:2    | Found Muca's Book Shoppe.
 27671 | Orc:2    | Found Izaxt's Antique Weapon Shoppe.
 27687 | Orc:2    | Found Wol Zad's General Store.
 27694 | Orc:2    | Bought a scroll of blinking for 90 gold pieces
 27710 | Orc:2    | Bought an embroidered hat for 210 gold pieces
 28947 | D:12     | Noticed Snorg
 28955 | D:12     | Killed Snorg
 29000 | D:12     | Identified the +0 hand axe of Impatience {flame, rN+ Will-
                  | Str-3 Dex+9}
 29260 | D:12     | Identified the +0 flail of Afaun {vamp, rElec rC+ Stlth+}
 29436 | D:12     | Found a corrupted altar of Lugonu.
 29641 | D:12     | Noticed a storm dragon
 29642 | D:12     | Noticed a frost giant
 29656 | D:12     | Killed a frost giant
 29665 | D:12     | Killed a storm dragon
 29727 | D:12     | Noticed a fire giant
 29735 | D:12     | Killed a fire giant
 30268 | D:14     | Noticed Rupert
 30284 | D:14     | Killed Rupert
 30631 | D:14     | Reached skill level 10 in Fighting
 30783 | D:14     | Identified the +5 falchion of Estoemom {pain, rPois rC-
                  | Str+2}
 30844 | D:14     | You are sucked into a shaft and drop 1 floor!
 30844 | D:15     | Entered Level 15 of the Dungeon
 30941 | D:14     | Found a gate to the Vaults.
 31468 | D:15     | Found a snail-covered altar of Cheibriados.
 31529 | D:15     | Reached skill level 15 in Dodging
 31584 | D:15     | Found a staircase to the Depths.
 31725 | D:15     | Reached XP level 17. HP: 129/129 MP: 0/0
 31725 | D:15     | Learned a level 6 spell: Simulacrum
 32490 | Spider:1 | Entered Level 1 of the Spider Nest
 34054 | Spider:2 | Reached skill level 16 in Dodging
 34080 | Spider:2 | Identified the +0 sling "Vonakust" {speed, rC+ MP+9 Str+5}
 34190 | Spider:2 | Identified the +0 falchion of Conscience {antimagic, rF+}
 34221 | Spider:2 | You are sucked into a shaft and drop 1 floor!
 34915 | Spider:4 | Entered Level 4 of the Spider Nest
 35117 | Spider:4 | HP: 3/131 [killer bee (8)]
 35446 | Spider:4 | Reached XP level 18. HP: 135/139 MP: 0/0
 35958 | Spider:4 | Reached skill level 17 in Dodging
 36464 | Spider:4 | HP: 5/141 [pharaoh ant (32)]
 36465 | Spider:4 | Killed from afar by a meliai

Illustrated notes

Levels and vault maps discovered:
D:1:      dreamdust_arrival_beginning_and_end, layout_loops_cross,
          moated_statue, st_stairs_4
D:2:      layout_rooms, uniq_natasha
D:3:      layout_basic, jmf_multi_god_temple2, basic_ecumenical_altar,
          st_stairs_9, nrook_campfire, kennysheep_nondescript,
          hangedman_decor_opposing, uniq_ijyb
D:4:      layout_cave_pools
D:5:      layout_loops_ring
D:6:      layout_loops_ring, nicolae_shop_vocational
D:7:      layout_basic, minmay_temple_entry_drinking_statues
D:8:      layout_basic, uniq_amaemon, uniq_psyche
D:9:      layout_cave_pools, minmay_orc_entry_temple_small, serial_shops,
          nicolae_shop_rolling_square
D:10:     layout_roguey [special_room_kobold], lair_entry_dummy,
          gammafunk_ghost_necromancy
D:11:     dreamdust_dug_too_deep, layout_basic
D:12:     minmay_sliced_demisemicircle, layout_stronghold,
          marbit_kobold_abyssish, uniq_snorg
D:13:     layout_big_octagon, nicolae_gozag_cash_rules_everything_around_me,
          uniq_lodul
D:14:     layout_long_grid, hellmonk_vaults_keyhole,
          portal_ice_cave_entry_ice_simulacra, nicolae_hexahallways, uniq_rupert
D:15:     grunt_enter_depths_giant_problem, layout_basic,
          hangedman_abyss_or_decor_passed, slow_altar_1
Lair:1:   layout_roguey, serial_bayou_lagoon_a, chequers_serial_rivers_micro_d,
          grunt_megastairs_5, uniq_maggie
Lair:2:   regret_index_wax_grids, layout_regular_city, elwin_shoals_entry_rooms,
          hellmonk_spider_entry_not_the_bees, basic_altar
Lair:3:   layout_loops_ring, infiniplex_staircase_pool_2, uniq_kirke
Lair:4:   cheibrodos_lair_river_kwai, layout_regular_city, basic_altar,
          grunt_forest_large_clearing_hut
Lair:5:   minmay_lair_end_enchanted_forest, layout_regular_city, slime_entry_1,
          ebering_ghost_disaster_area, uniq_josephine
Spider:1: layout_spider_delve
Spider:2: layout_spider_delve
Spider:3: layout_spider_delve, hellmonk_deceptive_appearances
Spider:4: hellmonk_spider_rune_bug_friends, special_room [special_room_bee],
          uniq_arachne
Orc:1:    cheibrodos_orc_arena, layout_diamond_mine, serial_shops,
          nicolae_shop_overgrown_old_shop, special_room [special_room_orc],
          basic_altar, uniq_fannar, uniq_erica, uniq_erolcha
Orc:2:    grunt_orc_cross, layout_diamond_mine, special_room, uniq_sonja

Skill      XL: |  1  2  3  4  5  6  7  8  9 10 11 12 13 14 15 16 17 18 |
---------------+-------------------------------------------------------+-----
Spellcasting   | 4 5 6 8 10 11 12 | 12.4
Conjurations   | 4 5 6 8 10 11 12 | 12.4
Hexes          | 4 5 6 8 10 11 12 | 12.4
Summonings     | 4 5 6 8 10 11 12 | 12.4
Necromancy     | 4 5 6 8 10 11 12 | 12.4
Translocations | 4 5 6 8 10 11 12 | 12.4
Transmutations | 4 5 6 8 10 11 12 | 12.4
Fire Magic     | 4 5 6 8 10 11 12 | 12.4
Ice Magic      | 4 5 6 8 10 11 12 | 12.4
Air Magic      | 4 5 6 8 10 11 12 | 12.4
Earth Magic    | 4 5 6 8 10 11 12 | 12.4
Poison Magic   | 4 5 6 8 10 11 12 | 12.4
Fighting       | 3 5 8 10 12 13 | 13.1
Dodging        | 4 6 7 8 10 12 13 15 16 17 | 17.2
Armour         | 2 7 9 |  9.0
Maces & Flails | 2 6 8 9 11 12 | 12.8
Shields        | 3 |  3.8
Short Blades   | 3 |  3.4
Stealth        | |  1.5

Action                     |  1- 3 |  4- 6 |  7- 9 | 10-12 | 13-15 | 16-18 || total
---------------------------+-------+-------+-------+-------+-------+-------++-------
  Melee: Dagger            |    14 |       |       |    33 |       |       ||    47
         Punch             |       |       |       |     2 |    10 |       ||    12
         Whip              |       |       |       |    37 |   902 |   622 ||  1561
   Cast: Sandblast         |    51 |    85 |    48 |   124 |    55 |     4 ||   367
         Stone Arrow       |       |     8 |    43 |   209 |   315 |   293 ||   868
         Passwall          |       |     1 |       |       |       |       ||     1
         Brom's Barrelling |       |       |     7 |     3 |     4 |     4 ||    18
         Petrify           |       |       |       |     7 |     1 |     4 ||    12
         Metabolic Englaci |       |       |       |     3 |    60 |    54 ||   117
         Agony             |       |       |       |       |     5 |     6 ||    11
         Death Channel     |       |       |       |       |    16 |    23 ||    39
         Anguish           |       |       |       |       |       |     2 ||     2
         Simulacrum        |       |       |       |       |       |    40 ||    40
 Invoke: Curse Item        |       |       |     2 |     1 |     3 |       ||     6
         Shatter the Chain |       |       |       |     1 |       |       ||     1
  Evoke: Wand              |       |       |       |       |     9 |    11 ||    20
         Condenser vane    |       |       |       |       |       |     1 ||     1
         Phantom mirror    |       |       |       |       |       |     1 ||     1
    Use: Scroll            |       |     9 |     5 |     6 |     7 |     6 ||    33
         Potion            |       |       |       |     5 |     6 |     8 ||    19
   Stab: Petrified         |       |       |       |    28 |     2 |    22 ||    52
         Sleeping          |       |       |       |       |     2 |     3 ||     5
         Distracted        |       |       |       |       |     3 |       ||     3
 Armour: Robe              |    22 |    23 |    41 |   155 |   479 |   377 ||  1097
         Skin              |       |       |       |       |     4 |       ||     4
  Dodge: Dodged            |    31 |    34 |    47 |   180 |   842 |   728 ||  1862
         Repelled          |       |       |       |     3 |     5 |    10 ||    18
  Block: Buckler           |       |       |       |       |    38 |   265 ||   303

Table legend: (Time is in decaauts)
 A = Elapsed time spent in this place.
 B = Non-inter-level travel time spent in this place.
 C = Inter-level travel time spent in this place.
 D = Time resting spent in this place.
 E = Time spent auto-exploring this place.
 F = Levels seen in this place.
 G = Mean time per level.
                   A        B        C        D        E       F      G
               +--------+--------+--------+--------+--------+-----+--------+
         Total |  36036 |  33657 |   2379 |   9782 |  15783 |  26 | 1386.0 |
       Dungeon |  19547 |  17768 |   1779 |   4700 |   9576 |  15 | 1303.1 |
          Lair |  10085 |   9655 |    430 |   3214 |   4135 |   5 | 2017.0 |
   Spider Nest |   3849 |   3715 |    134 |   1449 |   1106 |   4 |  962.2 |
  Orcish Mines |   2554 |   2520 |     34 |    419 |    966 |   2 | 1277.0 |
               +--------+--------+--------+--------+--------+-----+--------+

Top non-repeatable levels by time:
  Lair:2: 2755 daAuts
  Lair:1: 2637 daAuts
    D:14: 2064 daAuts
     D:8: 1881 daAuts
  Lair:5: 1745 daAuts
     D:7: 1714 daAuts
  Lair:4: 1680 daAuts
Spider:3: 1648 daAuts
    D:10: 1634 daAuts
    D:13: 1520 daAuts
   Orc:1: 1485 daAuts
    D:11: 1448 daAuts
     D:6: 1377 daAuts
    D:12: 1366 daAuts
     D:9: 1365 daAuts
